 Dungeon Crawl Stone Soup version 0.30-a0-743-gbfdf073431 (webtiles) character file.

Game seed: 8501377470772189750

7 MachoJfn the Insei (level 2, -5/22 HPs)
             Began as a Djinni Transmuter on Feb 7, 2023.
             Frozen to death by an endoplasm (7 damage)
             ... on level 1 of the Dungeon.
             The game lasted 00:01:30 (476 turns).

MachoJfn the Insei (Djinni Transmuter)               Turns: 476, Time: 00:01:30

Health: -5/22      AC:  2    Str:  9    XL:     2   Next: 10%
Gold:   12         EV: 12    Int: 14    God:
                   SH:  0    Dex: 13

rFire   + + .      SeeInvis .    b - +0 dagger
rCold   x . .      Faith    .    (no shield)
rNeg    . . .      Spirit   .    a - +0 robe
rPois   ∞          Reflect  .    (helmet currently unavailable)
rElec   .          Harm     .    (no cloak)
rCorr   .          Rampage  .    (no gloves)
Will    .....                    (boots unavailable)
Stlth   +                        (no amulet)
HPRegen 0.23/turn                (no ring)
MPRegen 0.00/turn                (no ring)

@: appendages, flying
A: horns 2, flying, sickness immunity, fire resistance 2, cold vulnerability 1,
float, innate caster, HP casting, extra vitality 1
a: End Transformation


You were on level 1 of the Dungeon.
You had temporarily grown beastly horns.
You visited 1 branch of the dungeon, and saw 1 of its levels.

You collected 12 gold pieces.

Inventory:

Hand Weapons
 b - a +0 dagger (weapon)
Armour
 a - a +0 robe (worn)
Scrolls
 c - a scroll of teleportation {unknown}


   Skills:
 + Level 1.0 Fighting
 + Level 2.1 Dodging
 + Level 3.4 Unarmed Combat
 + Level 1.7 Spellcasting


You couldn't memorise any spells.
You knew the following spells:

 Your Spells              Type           Power      Damage    Failure   Level
a - Beastly Appendage     Tmut           12%        N/A       12%         1
b - Wereblood             Tmut           6%         N/A       19%         2
c - Spider Form           Tmut/Pois      6%         N/A       34%         3
d - Ice Form              Ice/Tmut       6%         N/A       75%         4
Your spell library was empty.

Dungeon Overview and Level Annotations

Branches:
Dungeon (1/15)

Altars:


Innate Abilities, Weirdness & Mutations

You have temporarily grown beastly horns.
You are flying.
You are immune to sickness and miasma.
You are immune to poison.
Your flesh is very heat resistant. (rF++)
You are vulnerable to cold. (rC-)
You float through the air rather than walking.
You learn spells naturally, not from books.
Your magical power is your life essence.
You have superior vitality. (+4 MHP)


Message History

A kobold comes into view. It is wielding a +3 short sword.
There is an open door here.
Found a book of Vapours.
An endoplasm comes into view.
You completely miss the kobold.
The endoplasm quivers.
The kobold closely misses you.
You hit the kobold but do no damage.
The kobold hits you with a +3 short sword.
You hit the kobold. Your punch misses the kobold.
The kobold is moderately wounded.
The kobold hits you with a +3 short sword.
You hit the kobold.
The kobold is severely wounded.
The kobold hits you with a +3 short sword.
You hit the kobold but do no damage.
The kobold is severely wounded.
The kobold hits you with a +3 short sword.
You hit the kobold but do no damage.
The kobold is severely wounded.
The kobold misses you.
You hit the kobold but do no damage.
The kobold is severely wounded.
The kobold hits you with a +3 short sword.
* * * LOW HITPOINT WARNING * * *
The endoplasm hits you but does no damage.
Casting: Beastly Appendage (safe; 12% risk of failure)
Confirm with . or Enter, or press ? or * to list all spells.
You grow a pair of large bovine horns.
* * * LOW HITPOINT WARNING * * *
The kobold barely misses you. The endoplasm freezes you.
You are frozen.
You feel a terrible chill!
* * * LOW HITPOINT WARNING * * *
You miss the kobold.
The kobold is moderately wounded.
The kobold misses you. The endoplasm freezes you.
You are frozen!
You feel a terrible chill!
You die...

#....#
#.:..#
#....#
#....# ....
#....# .....
+....+
.....#
#KJ..# #....
+@...+
#...###....#
#...#.'....#
#.....#....#
#.#...#....#
####
#...#.####
...# #...#.#
##.# #.†.#.#
. ##.#
#.#.#.# ..


You could see an endoplasm and a kobold.

Vanquished Creatures
  A ball python (D:1)
  2 giant cockroaches (D:1)
  A hobgoblin (D:1)
  A bat (D:1)
  A kobold (D:1)
  A rat (D:1)
7 creatures vanquished.

Notes
Turn   | Place    | Note
-------+----------+-------------------------------------------
     0 | D:1      | MachoJfn the Djinni Transmuter began the quest for the Orb.
     0 | D:1      | MachoJfn set off with the following spells memorised:
                  | Beastly Appendage, Wereblood, Spider Form, Ice Form.
     0 | D:1      | Reached XP level 1. HP: 17/17 MP: 0/0
   253 | D:1      | Reached XP level 2. HP: 3/22 MP: 0/0
   476 | D:1      | Frozen to death by an endoplasm

Illustrated notes

Levels and vault maps discovered:
D:1:      dpeg_arrival_tiny_j, layout_basic

Action                     || total
---------------------------++-------
  Melee: Dagger            ||    36
         Unarmed           ||    17
         Headbutt          ||     2
   Cast: Beastly Appendage ||     4
    Use: Potion            ||     1
 Armour: Skin              ||    28
         Robe              ||    17
  Dodge: Dodged            ||    45

Table legend: (Time is in decaauts)
 A = Elapsed time spent in this place.
 B = Non-inter-level travel time spent in this place.
 C = Inter-level travel time spent in this place.
 D = Time resting spent in this place.
 E = Time spent auto-exploring this place.
 F = Levels seen in this place.
 G = Mean time per level.
                   A        B        C        D        E       F      G
               +--------+--------+--------+--------+--------+-----+--------+
         Total |    474 |    457 |     17 |    353 |     13 |   1 |  474.0 |
       Dungeon |    474 |    457 |     17 |    353 |     13 |   1 |  474.0 |
               +--------+--------+--------+--------+--------+-----+--------+

Top non-repeatable levels by time:
     D:1: 474 daAuts
